Unix NetHack Version 3.7.0-88 Work-in-progress - last build Aug 6 2023 13:40:22 (5c9c4c7fffe0d5f0a8b1342c2a36a56ed743986a,branch:master). Game began 2023-08-13 13:59:59, ended 2023-08-13 14:48:22. Arasaka, neutral female gnomish Archeologist -#-----------.-- --------------- ####-......*.......| |..^..........|####) |..............| #-...0.F.......|# |...:..........| #|.....<.......|# ####...............| #----.a---------# # -------|-------- ##### @ ######### # # ------------ -----------# ####### # # |......>...| |......<..-# ### ## ### ## ####...........| |.........| ## ## # # #( |........).| |.......{..#### ### # " $#[# ## ------------ |.......`.|################## #### # ##*#*### -----------# -.--.-.-# --.-.* #### 0 # |......|# |...-####*0##* |._....|# |....* # 0###* |.......############ .....* ###* |.......# ##..... 0 * -------- *# # Arasaka the Investigator St:16 Dx:13 Co:12 In:13 Wi:17 Ch:9 Neutral Dlvl:6 $:111 HP:0(47) Pw:27(27) AC:-1 Xp:6/345 T:4938 Latest messages: L - an uncursed green gem. S - an uncursed orange gem. T - 2 uncursed white gems. R - an uncursed yellowish brown gem. s - an uncursed luckstone named !C. g - an uncursed touchstone. The imp hits! The white unicorn misses! The white unicorn just misses! You begin bashing monsters with your bare hands. You hit the imp. The imp hits! "Thinkest thou it shall tickle as I rip out thy lungs?" You miss the imp. The imp hits! "Mercy! Dost thou wish me to die of laughter?" You miss the imp. The imp hits! The imp casts aspersions on your ancestry. You miss the imp. The imp misses! You hit the imp. The imp hits! You miss the imp. The imp hits! You miss the imp. The imp hits! What do you want to wield? [- a or ?*] a - an uncursed +2 bullwhip (weapon in hand). The imp misses! The imp casts aspersions on your ancestry. You lash the imp! The imp reads a scroll labeled YUM YUM! The imp vanishes! The soldier ant misses! The soldier ant stings! What do you want to write with? [- agjmsFLR-T or ?*] You write in the dust with your fingertip. The soldier ant turns to flee. The soldier ant turns to flee. The soldier ant bites! The soldier ant misses! The soldier ant misses! The soldier ant stings! What do you want to write with? [- agjmsFLR-T or ?*] You write in the dust with your fingertip. The soldier ant bites! The soldier ant stings! The soldier ant bites! You die... Inventory: Coins ('$') $ - 111 gold pieces Amulets ('"') V - a cursed amulet of strangulation o - an uncursed amulet of unchanging Weapons (')') a - an uncursed +2 bullwhip (weapon in hand) Armor ('[') X - an uncursed +0 dwarvish iron helm (being worn) Y - a blessed +0 pair of iron shoes (being worn) W - a blessed +1 dwarvish mithril-coat (being worn) Comestibles ('%') q - 6 uncursed food rations A - 2 uncursed lembas wafers C - an uncursed tripe ration K - an uncursed tin of soup made from killer bee meat Scrolls ('?') l - a blessed scroll of enchant weapon k - an uncursed scroll of remove curse Potions ('!') t - a cursed potion of booze r - an uncursed potion of gain level Wands ('/') F - an uncursed wand of light (0:13) m - an uncursed wand of striking (0:5) Tools ('(') h - an empty uncursed sack n - an uncursed magic whistle I - an uncursed mirror i - an uncursed oil lamp U - an uncursed tin whistle j - an uncursed towel Gems/Stones ('*') T - 2 uncursed opals L - an uncursed worthless piece of green glass S - an uncursed worthless piece of orange glass R - an uncursed worthless piece of yellowish brown glass s - an uncursed luckstone named !C g - an uncursed touchstone Arasaka the Archeologist's attributes: Background: You were an Investigator, a level 6 female gnomish Archeologist. You were neutral, on a mission for Camaxtli who was opposed by Quetzalcoatl (lawful) and Huhetotl (chaotic). You were in the Dungeons of Doom, on level 6. You entered the dungeon 4938 turns ago. You had 345 experience points, 295 more were needed to attain level 7. Basics: You had 0 out of 47 hit points. You had all 27 energy points (spell power). Your armor class was -1. Your wallet contained 111 zorkmids. Autopickup was on for '$"?' plus thrown, with exceptions. Final Characteristics: Your strength was 16 (limit:18/50). Your dexterity was 13 (limit:18). Your constitution was 12 (limit:18). Your intelligence was 13 (limit:19). Your wisdom was 17 (limit:18). Your charisma was 9 (limit:18). Final Status: You were not hungry. You were unencumbered. You were wielding a whip. You had basic skill with whip and could have enhanced that. Final Attributes: You were devoutly aligned. You were telepathic. You had automatic searching. You had infravision. You were stealthy. You were guarded. You were lucky. You had extra luck. Bad luck did not time out for you. Good luck did not time out for you. You are dead. Miscellaneous: You disabled loading of bones levels. Total elapsed playing time was 48 minutes and 13 seconds. Major events: Turn 1: Arasaka the neutral female gnomish Archeologist entered the dungeon 811: entered the Gnomish Mines 1384: attained the rank of Field Worker (level 3) 1754: entered Sokoban 2261: completed 1st Sokoban level 4588: attained the rank of Investigator (level 6) 4938: killed by a soldier ant Vanquished creatures: 2 imps a wood nymph a rock piercer 3 shriekers a gnome leader 3 giant ants 2 floating eyes a kitten 2 dwarves a homunculus 2 kobold leaders 3 rothes a centipede a giant bat a dwarf zombie 4 iguanas 8 coyotes a hobbit a large kobold 4 giant rats 2 cave spiders a yellow mold 3 garter snakes a gnome zombie 4 geckos 9 jackals a fox 3 kobolds 3 grid bugs 4 lichens a kobold zombie 5 newts 80 creatures vanquished. No species were genocided or became extinct. Voluntary challenges: You read items or engraved 7 times. You engraved Elbereth 3 times. You never genocided any monsters. You never polymorphed an object. You never changed form. You used no wishes. You did not violate any of the special Sokoban rules. Achievements: You entered the Gnomish Mines. You attained the rank of Field Worker. You entered Sokoban. You attained the rank of Investigator. The Dungeons of Doom: levels 1 to 6 Level 1: Level 2: Level 3: A fountain. Stairs down to The Gnomish Mines. Level 4: Some fountains, a grave. Level 5: Level 6: "s" <- You were here. An altar to Camaxtli, a fountain. Stairs up to Sokoban, level 5. Final resting place for you, killed by a soldier ant. The Gnomish Mines: levels 4 to 5 Level 4: Level 5: Sokoban: levels 5 up to 4 Level 4: Unsolved. Level 5: Solved. Game over: ---------- / \ / REST \ / IN \ / PEACE \ / \ | Arasaka | | 111 Au | | killed by a | | soldier ant | | | | | | 2023 | *| * * * | * _________)/\\_//(\/(/\)/\//\/|_)_______ Goodbye Arasaka the Archeologist... You died in The Dungeons of Doom on dungeon level 6 with 1740 points, and 111 pieces of gold, after 4938 moves. You were level 6 with a maximum of 47 hit points when you died.